 Dungeon Crawl Stone Soup version 0.25.1-2-g60ff931df9 (webtiles) character file.

Game seed: 10493610266165333441

16 Johnny the Digger (level 2, 0/20 HPs)
             Began as a Demigod Earth Elementalist on Oct 27, 2020.
             Slain by a quokka (3 damage)
             ... on level 2 of the Dungeon.
             The game lasted 00:00:37 (1589 turns).

Johnny the Digger (Demigod Earth Elementalist)      Turns: 1589, Time: 00:00:38

Health: 0/20       AC:  2    Str: 11    XL:     2   Next: 24%
Magic:  1/7        EV: 12    Int: 19    God:
Gold:   67         SH:  0    Dex: 16    Spells: 4/5 levels left

rFire    . . .     SeeInvis .   i - +0 dagger
rCold    . . .     Gourm    .   (no shield)
rNeg     . . .     Faith    .   c - +0 robe
rPois    .         Spirit   .   (no helmet)
rElec    .         Reflect  .   (no cloak)
rCorr    .         Harm     .   (no gloves)
MR       .....                  (no boots)
Stlth    ++........             (no amulet)
HPRegen  0.06/turn              (no ring)
MPRegen  0.10/turn              (no ring)

@: no status effects
A: high mp 1
a: no special abilities


You were on level 2 of the Dungeon.
You were very hungry.

You visited 1 branch of the dungeon, and saw 2 of its levels.

You collected 67 gold pieces.

Inventory:

Hand Weapons
 i - a +0 dagger (weapon)
Missiles
 b - 94 stones (quivered)
Armour
 c - a +0 robe (worn)
Scrolls
 f - a scroll of magic mapping {unknown}
 j - 2 scrolls of identify {unknown}
Potions
 a - a potion of mutation {unknown}
 e - a potion of curing {unknown}
 g - a potion of magic {unknown}
 h - 2 potions of invisibility {unknown}
 k - a potion of flight {unknown}
Comestibles
 d - 2 rations


   Skills:
 - Level 1.7 Dodging
 - Level 1.7 Stealth
 + Level 2.0 Spellcasting
   Level 0.8 Transmutations
 * Level 3.2 Earth Magic


You had 4 spell levels left.
You knew the following spells:

 Your Spells              Type           Power        Failure   Level  Hunger
a - Sandblast             Erth           ##....       4%          1    #......

Your spell library contained the following spells:

 Spells                   Type           Power        Failure   Level  Hunger
 Passwall                 Tmut/Erth      #.......     11%         2    ###....
 Stone Arrow              Conj/Erth      #.....       26%         3    ###....
 Petrify                  Tmut/Erth      #.......     56%         4    #####..
 Lee's Rapid Deconstruct  Erth           ##........   77%         5    ######.


Dungeon Overview and Level Annotations

Branches:
Dungeon (2/15)


Innate Abilities, Weirdness & Mutations

You have an increased reservoir of magic. (+10% MP)


Message History

You are too injured to fight recklessly!
You are too injured to fight recklessly!
You are too injured to fight recklessly!
You are too injured to fight recklessly!
Unknown command.
A giant cockroach comes into view.
The quokka bites you.
Found a ration.
You hit the quokka but do no damage. The quokka misses you.
You closely miss the quokka.
The quokka bites you but does no damage.
You hit the quokka.
The quokka is almost dead.
The quokka bites you.
You closely miss the quokka.
The quokka is almost dead.
The quokka bites you.
* * * LOW HITPOINT WARNING * * *
The quokka bites you.
You die...

#... .. . #..###.
..#####.....
#......... #........
+....... #.....†#
%.########.#########
...s...@rh..........
.####.######......#
#.... #......# # ...
#......#
...####......#
#.....##...#
##.....##...#
#......##...#
#...###......##...#


You could see a quokka, a jackal and a giant cockroach.

Vanquished Creatures
  2 bats
  2 giant cockroaches (D:2)
  2 hobgoblins (D:1)
  2 jackals (D:2)
  3 kobolds (D:1)
  A quokka (D:2)
  A rat (D:2)
13 creatures vanquished.

Notes
Turn   | Place    | Note
-------+----------+-------------------------------------------
     0 | D:1      | Johnny the Demigod Earth Elementalist began the quest for
                  | the Orb.
     0 | D:1      | Reached XP level 1. HP: 14/14 MP: 5/5
   442 | D:1      | Reached skill level 3 in Earth Magic
  1204 | D:2      | Reached XP level 2. HP: 15/20 MP: 5/7
  1589 | D:2      | Slain by a quokka

Illustrated notes

Levels and vault maps discovered:
D:1:      lightli_arrival_quake, layout_loops_ring
D:2:      layout_basic, hangedman_decor_clover_reticule,
          minmay_misc_feat_hallway

Skill      XL: |  1 |
---------------+----+-----
Earth Magic    | 3 |  3.2
Spellcasting   | 2 |  2.0
Dodging        | |  1.7
Stealth        | |  1.7
Transmutations | |  0.8

Action                   || total
-------------------------++-------
Melee: Unarmed           ||    18
       Dagger            ||    38
 Cast: Sandblast         ||    14
 Stab: Sleeping          ||     2
  Eat: Chunk             ||     1
Armor: Robe              ||    21
Dodge: Dodged            ||    44
